[Event "42nd Olympiad Baku 2016 Open"]
[Site "Baku"]
[Date "2016.09.05"]
[Round "4.16"]
[White "Min, Po-Yen"]
[Black "Marjanovic, Dejan"]
[Result "0-1"]
[ECO "E16"]
[WhiteElo "1842"]
[BlackElo "2432"]
[Annotator ""]
[PlyCount "102"]
[EventDate "2016.??.??"]
[EventCountry "AZE"]
[SourceTitle "playchess.com"]
[Source "ChessBase"]
[WhiteTeam "Taiwan"]
[BlackTeam "Bosnia  Herzegovina"]
[WhiteTeamCountry "TPE"]
[BlackTeamCountry "BIH"]
[TimeControl "40/5400+30:1800+30"]

1. d4 {(00:00)} Nf6 {(00:00)} 2. c4 {(00:00)} e6 {(
00:00)} 3. Nf3 {(00:00)} Bb4+ {(00:49)} 4. Bd2 {(00:21)}
Qe7 {(00:04)} 5. g3 {(02:42)} O-O {(01:09)} 6. Bg2 {
(00:24)} Bxd2+ {(00:22)} 7. Nbxd2 {(00:56)} d6 {(
00:23)} 8. e4 {(04:31)} e5 {(01:40)} 9. O-O {(03:51)} c5 {
(00:49)} 10. d5 {(01:36)} Ne8 {(07:23)} 11. Nh4 {(
10:28)} g6 {(00:52)} 12. Qc2 {(14:39)} Ng7 {(04:18)} 13.
Rae1 {(02:27)} Nd7 {(01:03)} 14. Bh3 {(03:52)} a6 {
(02:42)} 15. a4 {(03:01)} Qd8 {(07:26)} 16. Nb1 {(
06:57)} Nf6 {(12:04)} 17. Bxc8 {(00:38)} Rxc8 {(00:07)}
18. Nc3 {(03:53)} Nfh5 {(00:58)} 19. Ng2 {(00:57)} f5 {
(09:08)} 20. f4 {(01:03)} exf4 {(01:56)} 21. Nxf4 {
(00:27)} Nxf4 {(00:39)} 22. Rxf4 {(00:11)} Nh5 {(
05:47)} 23. Rf3 {(10:04)} f4 {(00:54)} 24. Ref1 {(02:34)}
Qg5 {(03:08)} 25. Qf2 {(01:15)} Rf6 {(02:02)} 26. Qd2 {
(06:43)} Rcf8 {(04:17)} 27. Ne2 {(09:19)} Qe5 {(01:
21)} 28. g4 {(00:57)} Ng7 {(16:21)} 29. Rxf4 {(00:28)}
Rxf4 {(00:38)} 30. Rxf4 {(00:06)} Rxf4 {(00:05)} 31. Qxf4
{(00:19)} Qxb2 {(00:14)} 32. Kf2 {(07:38)} Ne8 {(
00:16)} 33. g5 {(01:57)} Qa1 {(00:25)} 34. Qg4 {(01:17)}
Kf8 {(05:40)} 35. Qd7 {(00:26)} Qe5 {(01:39)} 36. Qxb7 {
(01:10)} Qxh2+ {(05:58)} 37. Kf3 {(00:01)} Qh5+ {(
01:17)} 38. Kf2 {(00:01)} Qh2+ {(02:25)} 39. Kf3 {(00:01)}
Qh5+ {(01:23)} 40. Kf2 {(00:00)} Qxg5 {(00:00)} 41. Qxh7 {
(00:52)} Nf6 {(04:41)} 42. Qh1 {(02:28)} Kg7 {(01:
20)} 43. Qf3 {(08:11)} Ng4+ {(03:19)} 44. Ke1 {(00:27)}
Ne5 {(02:22)} 45. Qc3 {(01:24)} Qg2 {(00:38)} 46. Ng3 {
(02:41)} Kh7 {(00:10)} 47. Kd1 {(02:52)} Nf3 {(00:
41)} 48. Nf5 {(01:26)} gxf5 {(00:23)} 49. exf5 {(00:06)}
Qf1+ {(00:16)} 50. Kc2 {(00:05)} Qe2+ {(00:13)} 51. Kb1 {
(00:19)} Qe1+ {(00:24)} 0-1

[Event "42nd Olympiad Baku 2016 Open"]
[Site "Baku"]
[Date "2016.09.05"]
[Round "4.35"]
[White "Mirzaad, S wahabuddin"]
[Black "Arvind, Goru"]
[Result "1-0"]
[ECO "A85"]
[WhiteElo "2069"]
[BlackElo "1717"]
[Annotator ""]
[PlyCount "137"]
[EventDate "2016.??.??"]
[EventCountry "AZE"]
[SourceTitle "playchess.com"]
[Source "ChessBase"]
[WhiteTeam "Afghanistan"]
[BlackTeam "Fiji"]
[WhiteTeamCountry "AFG"]
[BlackTeamCountry "FIJ"]
[TimeControl "40/5400+30:1800+30"]

1. d4 {(00:00)} f5 {(01:27)} 2. c4 {(00:00)} Nf6 {(
05:10)} 3. Nc3 {(00:00)} e6 4. Nf3 d5 {(04:13)} 5. Bf4 {(
01:55)} Bd6 {(06:11)} 6. Bxd6 {(00:28)} Qxd6 {(01:00)} 7.
e3 {(00:04)} c6 {(01:04)} 8. Bd3 {(00:07)} O-O {(
01:03)} 9. O-O {(00:07)} Nbd7 {(01:47)} 10. Qc2 {(00:58)}
Ne4 {(03:03)} 11. Nd2 {(00:53)} Ndf6 {(02:27)} 12. f4 {
(01:20)} Bd7 {(05:29)} 13. Nf3 {(00:23)} Ng4 {(02:
21)} 14. Rae1 {(00:21)} Ngf6 {(01:42)} 15. Ne5 {(01:17)}
Be8 {(10:17)} 16. Bxe4 {(00:02)} fxe4 {(02:24)} 17. h3 {
(01:13)} Nd7 18. c5 Qe7 {(03:41)} 19. Kh2 {(01:19)} Nxe5 {
(01:06)} 20. fxe5 {(00:08)} Bg6 {(00:56)} 21. Qe2 {
(02:01)} Rxf1 {(01:56)} 22. Rxf1 {(00:03)} Rf8 {(
01:18)} 23. b4 {(00:14)} Rxf1 24. Qxf1 Qc7 {(05:06)} 25. Qf2 {
(02:00)} b6 {(06:44)} 26. cxb6 {(00:41)} axb6 {(02:
44)} 27. Qc2 {(00:39)} Qb7 {(02:23)} 28. a4 {(00:45)} Be8
{(01:12)} 29. Qa2 {(01:05)} Qa6 {(01:31)} 30. Qe2 {
(00:58)} Qa7 {(02:25)} 31. Qg4 {(02:52)} Qe7 {(02:
10)} 32. Na2 {(02:34)} Bd7 {(00:47)} 33. Qe2 {(00:48)} c5
{(05:55)} 34. bxc5 {(07:34)} bxc5 {(00:37)} 35. Qd1 {
(07:14)} cxd4 {(02:09)} 36. Qxd4 {(00:30)} Qd8 {(
05:21)} 37. Nc3 {(01:05)} h5 {(01:58)} 38. Kg1 {(06:17)}
Qh4 {(02:12)} 39. Kf1 {(04:17)} Qd8 {(00:45)} 40. Kg1 {
(02:04)} Qh4 {(00:49)} 41. Qd2 {(33:51)} Qg3 {(30:
51)} 42. Nxd5 {(00:00)} Bxa4 {(00:00)} 43. Nf4 {(00:00)}
h4 {(00:00)} 44. Nxe6 {(00:00)} Qxe5 {(00:00)} 45. Nd4 {
(00:00)} Be8 {(00:00)} 46. Qf2 {(00:00)} g5 {(00:
00)} 47. Qe2 {(00:00)} Qc5 {(00:00)} 48. Qg4 {(00:00)}
Qc1+ 49. Kf2 Qc5 {(04:13)} 50. Qxe4 {(00:00)} Bh5 {(01:17]
} 51. Nf5 {(00:00)} Qa3 {(01:06)} 52. Qe6+ {(00:11)} Bf7 {
(02:55)} 53. Nh6+ {(00:22)} Kg7 {(00:14)} 54. Nxf7 {
(00:21)} Qb2+ {(00:27)} 55. Kg1 {(00:50)} Qc1+ {(
00:45)} 56. Kh2 {(00:15)} Qe1 {(00:24)} 57. Qe5+ {(05:01)}
Kxf7 {(00:31)} 58. Qxg5 {(00:12)} Ke8 {(00:32)} 59. Qe5+ {
(00:40)} Kd7 {(00:21)} 60. e4 {(00:17)} Kd8 {(00:
52)} 61. Qf4 {(00:32)} Ke7 {(00:39)} 62. e5 {(01:18)} Ke8
{(00:34)} 63. Qg5 {(00:23)} Kd7 {(00:40)} 64. Qg7+ {
(01:56)} Ke6 {(00:39)} 65. Qf6+ {(00:21)} Kd7 {(00:
21)} 66. e6+ {(01:27)} Kc8 {(00:32)} 67. Qf8+ {(01:44)}
Kc7 {(00:18)} 68. Qc5+ {(00:30)} Kb7 {(00:58)} 69. Qd6 {
(00:24)} 1-0

[Event "42nd Olympiad Baku 2016 Open"]
[Site "Baku"]
[Date "2016.09.05"]
[Round "4.7"]
[White "Mlawa, Hemed"]
[Black "Notha, Moakofi"]
[Result "0-1"]
[ECO "E15"]
[WhiteElo "1782"]
[BlackElo "2119"]
[Annotator ""]
[PlyCount "112"]
[EventDate "2016.??.??"]
[EventCountry "AZE"]
[SourceTitle "playchess.com"]
[Source "ChessBase"]
[WhiteTeam "Tanzania"]
[BlackTeam "Botswana"]
[WhiteTeamCountry "TAN"]
[BlackTeamCountry "BOT"]
[TimeControl "40/5400+30:1800+30"]

1. d4 {(00:00)} Nf6 {(00:00)} 2. c4 {(00:00)} e6 {(
00:00)} 3. Nf3 {(00:00)} b6 {(00:01)} 4. g3 {(00:06)} Ba6
{(00:09)} 5. b3 {(00:27)} Bb4+ {(00:03)} 6. Bd2 {(
00:17)} Be7 {(00:08)} 7. Bg2 {(00:13)} c6 {(00:12)} 8. O-O
{(00:17)} d5 {(00:21)} 9. Qc2 {(02:18)} O-O {(01:
28)} 10. Bc1 {(05:04)} Ne4 {(01:35)} 11. Nbd2 {(01:04)} f5
{(00:10)} 12. Ne5 {(00:21)} Bb7 {(02:37)} 13. Bb2 {
(01:13)} Nd7 {(00:53)} 14. Nxd7 {(00:18)} Qxd7 {(
00:04)} 15. Nf3 {(00:07)} Bf6 {(01:09)} 16. Rac1 {(06:33)}
Rac8 {(00:55)} 17. Rfd1 {(02:59)} Qe7 {(01:19)} 18. Ne5 {
(00:50)} Bxe5 {(04:03)} 19. dxe5 {(00:10)} c5 {(00:
17)} 20. f3 {(01:43)} Ng5 {(00:56)} 21. cxd5 {(00:18)}
exd5 {(01:45)} 22. h4 {(00:27)} Ne6 {(00:22)} 23. f4 {
(00:20)} d4 {(05:37)} 24. Bxb7 {(09:07)} Qxb7 {(01:
42)} 25. Qc4 {(00:17)} Rfe8 {(03:39)} 26. Qd3 {(00:54)} g6
{(02:24)} 27. e3 {(00:13)} Rcd8 {(20:16)} 28. exd4 {
(03:27)} cxd4 {(02:12)} 29. Ba3 {(12:24)} Rc8 {(05:
33)} 30. Rxc8 {(04:11)} Rxc8 {(00:18)} 31. Bb2 {(00:05)}
Qd5 {(04:24)} 32. Kf2 {(05:14)} b5 {(08:22)} 33. Rd2 {
(04:47)} Rd8 {(02:27)} 34. Ba3 {(01:51)} a5 {(04:
26)} 35. Bd6 {(00:43)} Rc8 {(00:32)} 36. Qf3 {(00:51)} Qe4
{(03:49)} 37. Re2 {(06:39)} Qxf3+ {(06:33)} 38. Kxf3 {
(00:16)} Rc3+ {(03:57)} 39. Kf2 {(00:17)} Kf7 {(00:
18)} 40. Rd2 {(00:00)} b4 {(00:00)} 41. Kg2 {(10:21)} Ke8
{(10:57)} 42. Kf2 {(01:40)} Kd7 {(00:47)} 43. Bb8 {
(01:31)} Kc6 {(01:20)} 44. Ba7 {(00:10)} Kd5 {(00:
31)} 45. Bb6 {(04:35)} Nc5 {(06:43)} 46. Bxc5 {(00:10)}
Rxc5 {(00:06)} 47. Re2 {(04:20)} d3 {(02:26)} 48. Re1 {
(03:42)} Kd4 {(03:35)} 49. e6 {(01:07)} Rc2+ {(04:
31)} 50. Kf3 {(02:15)} d2 {(00:50)} 51. Rd1 {(00:08)} Kd3
{(00:06)} 52. e7 {(02:30)} Rc8 {(00:27)} 53. g4 {(
00:18)} Re8 {(00:13)} 54. h5 {(00:37)} Rxe7 {(00:24)} 55.
gxf5 {(00:59)} gxf5 {(00:04)} 56. Kf2 {(00:36)} Kc2 {
(00:16)} 0-1

[Event "42nd Olympiad Baku 2016 Open"]
[Site "Baku"]
[Date "2016.09.05"]
[Round "4.19"]
[White "Mohannad, Farhan"]
[Black "Allam, Mohamed"]
[Result "1-0"]
[ECO "D35"]
[WhiteElo "2294"]
[BlackElo "1850"]
[Annotator ""]
[PlyCount "111"]
[EventDate "2016.??.??"]
[EventCountry "AZE"]
[SourceTitle "playchess.com"]
[Source "ChessBase"]
[WhiteTeam "Jordan"]
[BlackTeam "Palestine"]
[WhiteTeamCountry "JOR"]
[BlackTeamCountry "PLE"]
[TimeControl "40/5400+30:1800+30"]

1. d4 {(00:00)} d5 {(00:00)} 2. c4 {(00:00)} e6 {(
00:00)} 3. Nc3 {(00:00)} Nf6 {(00:00)} 4. cxd5 {(00:00)}
exd5 {(00:00)} 5. Bg5 {(00:00)} Be7 {(00:00)} 6. e3 {
(00:00)} c6 {(02:13)} 7. Qc2 {(00:01)} Be6 {(01:00]
} 8. Bd3 {(00:26)} Nbd7 {(00:15)} 9. Nge2 {(00:39)} Nh5 {
(01:38)} 10. Bxe7 {(00:53)} Qxe7 {(00:05)} 11. O-O {
(00:23)} g6 {(06:26)} 12. Rab1 {(07:07)} f5 {(01:
29)} 13. b4 {(01:19)} O-O {(01:41)} 14. g3 {(06:21)} b5 {
(01:53)} 15. a4 {(04:13)} a6 {(01:32)} 16. a5 {(00:
05)} Ndf6 {(02:06)} 17. f3 {(06:40)} Bd7 {(07:53)} 18. Nd1
{(02:02)} Ng7 {(05:03)} 19. Nc1 {(09:32)} Nfe8 {(
05:30)} 20. Re1 {(01:54)} Nd6 {(00:59)} 21. Qc3 {(08:54)}
g5 {(07:59)} 22. Nf2 {(03:21)} Qf6 {(00:38)} 23. f4 {
(09:43)} g4 {(01:11)} 24. Qc2 {(02:33)} h5 {(00:50]
} 25. Nb3 {(02:03)} Rae8 {(01:56)} 26. Nc5 {(01:22)} Bc8 {
(00:54)} 27. Bf1 {(01:04)} h4 {(04:50)} 28. gxh4 {(
04:04)} Qxh4 {(03:42)} 29. Nfd3 {(01:01)} g3 {(04:00)} 30.
Ne5 {(00:48)} Rxe5 {(03:10)} 31. dxe5 {(00:36)} Ne4 {
(00:50)} 32. Qg2 {(09:09)} gxh2+ {(04:55)} 33. Qxh2 {
(00:05)} Qxh2+ {(00:06)} 34. Kxh2 {(00:06)} Nd2 {(
00:03)} 35. Bd3 {(03:50)} Nxb1 {(06:24)} 36. Rxb1 {(00:03]
} Kf7 {(03:11)} 37. Nb3 {(03:40)} Bd7 {(01:26)} 38. Nd4 {
(01:51)} Rh8+ {(08:31)} 39. Kg3 {(00:24)} Rg8 {(01:
47)} 40. Kf3 {(00:00)} Rh8 {(00:00)} 41. Kg2 {(03:05)} Rg8
{(07:55)} 42. Nb3 {(00:56)} Rh8 {(04:14)} 43. Rc1 {
(03:35)} Rh6 {(07:44)} 44. Nd4 {(00:53)} Rg6+ {(01:
29)} 45. Kf2 {(00:10)} Rh6 {(01:55)} 46. Bf1 {(01:49)} Be8
{(03:45)} 47. Bg2 {(04:39)} Ke7 {(00:55)} 48. Bf3 {
(00:53)} Rh2+ {(01:13)} 49. Ke1 {(03:32)} Rh6 {(04:
38)} 50. Kd2 {(00:16)} Rh2+ {(00:48)} 51. Kd3 {(00:17)}
Rh6 {(00:09)} 52. Rg1 {(00:27)} Kf8 {(10:20)} 53. Rxg7 {
(00:45)} Kxg7 {(00:33)} 54. Nxf5+ {(00:05)} Kh7 {(
00:15)} 55. Nxh6 {(00:04)} Kxh6 {(00:15)} 56. Bg4 {(00:31]
} 1-0

[Event "42nd Olympiad Baku 2016 Open"]
[Site "Baku"]
[Date "2016.09.05"]
[Round "4.33"]
[White "Mohtaat, Homayoun"]
[Black "Manoj Kumar, Paramesweran"]
[Result "0-1"]
[ECO "A90"]
[WhiteElo "1655"]
[BlackElo "2260"]
[Annotator ""]
[PlyCount "70"]
[EventDate "2016.??.??"]
[EventCountry "AZE"]
[SourceTitle "playchess.com"]
[Source "ChessBase"]
[WhiteTeam "AFG"]
[BlackTeam "FIJ"]
[WhiteTeamCountry "AFG"]
[BlackTeamCountry "IND"]
[TimeControl "40/5400+30:1800+30"]

1. d4 {(00:00)} f5 {(00:00)} 2. Nf3 {(00:00)} Nf6 {
(00:10)} 3. g3 {(00:06)} e6 {(01:33)} 4. Bg2 {(00:
09)} d5 {(00:15)} 5. c4 {(00:27)} c6 {(00:06)} 6. cxd5 {
(00:07)} exd5 {(00:09)} 7. Nc3 {(00:05)} Bd6 {(01:
36)} 8. O-O {(00:21)} O-O {(03:04)} 9. Bg5 {(01:48)} h6 {
(05:48)} 10. Bxf6 {(00:05)} Qxf6 {(00:19)} 11. e3 {
(00:03)} Nd7 {(01:19)} 12. a3 {(00:30)} a5 {(00:37]
} 13. Qb3 {(00:31)} Kh8 {(00:29)} 14. Rac1 {(00:39)} g5 {
(00:42)} 15. Qc2 {(09:44)} Qg7 {(01:22)} 16. Rb1 {(
01:42)} Qe7 {(10:58)} 17. h4 {(03:32)} Kg7 {(05:04)} 18.
hxg5 {(00:47)} hxg5 {(00:03)} 19. Rfe1 {(02:01)} Nb6 {
(22:20)} 20. Re2 {(08:47)} Nc4 {(20:35)} 21. Rbe1 {
(07:25)} Qf6 {(14:22)} 22. Qc1 {(03:44)} Be6 {(07:
03)} 23. e4 {(03:11)} dxe4 {(00:41)} 24. Nxg5 {(00:51)}
Bd5 {(01:35)} 25. Bxe4 {(10:21)} fxe4 {(00:31)} 26. Ncxe4
{(00:04)} Qg6 {(01:13)} 27. Nxd6 {(03:23)} Nxd6 {(
00:32)} 28. Ne6+ {(03:28)} Bxe6 {(00:04)} 29. Rxe6 {(00:
07)} Rf6 {(00:10)} 30. Re7+ {(04:29)} Kh8 {(00:22)} 31.
Kg2 {(03:40)} Raf8 {(00:11)} 32. Rh1+ {(00:43)} Kg8 {
(00:07)} 33. Rf1 {(04:18)} Qg4 {(01:16)} 34. Re3 {(
16:08)} Nf5 {(01:13)} 35. Re5 {(02:52)} Nh4+ {(00:40)} 0-1

[Event "42nd Olympiad Baku 2016 Open"]
[Site "Baku"]
[Date "2016.09.05"]
[Round "4.26"]
[White "Mollah Abdullah, Al Rakib"]
[Black "Mehmeti, Dritan"]
[Result "1/2-1/2"]
[ECO "A43"]
[WhiteElo "2488"]
[BlackElo "2415"]
[Annotator ""]
[PlyCount "85"]
[EventDate "2016.??.??"]
[EventCountry "AZE"]
[SourceTitle "playchess.com"]
[Source "ChessBase"]
[WhiteTeam "Bangladesh"]
[BlackTeam "Albania"]
[WhiteTeamCountry "BAN"]
[BlackTeamCountry "ALB"]
[TimeControl "40/5400+30:1800+30"]

1. d4 {(00:00)} c5 {(00:52)} 2. d5 {(00:00)} g6 {(
01:14)} 3. e4 {(01:25)} Bg7 {(00:20)} 4. Nf3 {(01:32)} Nf6
{(00:28)} 5. Nc3 {(08:14)} d6 {(01:05)} 6. Bb5+ {(
00:33)} Bd7 {(00:21)} 7. a4 {(00:21)} O-O {(00:26)} 8. h3
{(00:45)} Na6 {(01:12)} 9. O-O {(02:45)} Nc7 {(00:
41)} 10. Bc4 {(06:51)} a6 {(10:01)} 11. e5 {(18:06)} dxe5
{(09:26)} 12. Nxe5 {(01:41)} b5 {(12:25)} 13. axb5 {
(03:57)} Bxb5 {(02:25)} 14. Bxb5 {(11:38)} Nxb5 {(
10:56)} 15. Nc6 {(07:08)} Qd6 {(06:31)} 16. Ne2 {(04:27)}
c4 {(05:57)} 17. Bf4 {(04:02)} Qd7 {(06:49)} 18. Ra4 {
(01:46)} e6 {(04:02)} 19. Ne5 {(02:11)} Qxd5 {(00:
42)} 20. Nxc4 {(00:29)} Qb7 {(04:53)} 21. Na5 {(03:59)}
Qb6 {(01:26)} 22. Be3 {(03:54)} Qc7 {(00:38)} 23. c4 {
(02:10)} Na7 {(01:54)} 24. Qb3 {(05:08)} Rfb8 {(02:
04)} 25. Rb4 {(00:55)} Rc8 {(04:28)} 26. Ra1 {(02:10)} Nc6
{(00:23)} 27. Nxc6 {(00:13)} Qxc6 {(00:05)} 28. Qa4 {
(02:04)} Qc7 {(02:42)} 29. Qa5 {(00:42)} Qe7 {(01:
05)} 30. Rd1 {(02:07)} h6 {(02:31)} 31. Nc3 {(00:33)} Bf8
{(01:40)} 32. Ra4 {(00:36)} Rcb8 {(01:44)} 33. Ra2 {
(01:34)} Qb7 {(00:35)} 34. Qe5 {(02:14)} Bg7 {(02:
23)} 35. Bxh6 {(00:12)} Bxh6 {(00:10)} 36. Qxf6 {(00:02)}
Bg7 {(00:08)} 37. Qf4 {(00:42)} Rd8 {(01:12)} 38. Rxd8+ {
(01:00)} Rxd8 {(00:03)} 39. Qf3 {(00:27)} Qxf3 {(
01:24)} 40. gxf3 {(00:00)} Bxc3 {(00:00)} 41. bxc3 {(00:
04)} Rd3 {(01:18)} 42. Kg2 {(10:47)} Rxc3 {(00:48)} 43.
Rxa6 1/2-1/2

[Event "42nd Olympiad Baku 2016 Open"]
[Site "Baku"]
[Date "2016.09.05"]
[Round "4.18"]
[White "Mongiello, Anthony"]
[Black "Amer Said Salim Al Maashani"]
[Result "0-1"]
[ECO "A45"]
[WhiteElo "1576"]
[BlackElo "2044"]
[Annotator ""]
[PlyCount "110"]
[EventDate "2016.??.??"]
[EventCountry "AZE"]
[SourceTitle "playchess.com"]
[Source "ChessBase"]
[WhiteTeam "U.S. Virgin Islands"]
[BlackTeam "OMA"]
[WhiteTeamCountry "ISV"]
[TimeControl "40/5400+30:1800+30"]

1. d4 {(00:00)} Nf6 {(00:00)} 2. Bf4 {(00:18)} e6 {
(01:20)} 3. Nf3 {(00:24)} d5 {(00:35)} 4. e3 {(00:
53)} c5 {(03:52)} 5. c3 {(01:46)} Nc6 {(01:42)} 6. Bb5 {
(01:55)} Bd7 {(03:36)} 7. O-O {(03:19)} Be7 {(02:
04)} 8. Bxc6 {(06:05)} Bxc6 {(00:50)} 9. Ne5 {(00:49)} O-O
{(02:19)} 10. Nd2 {(03:03)} Bb5 {(10:04)} 11. Re1 {
(00:15)} Rc8 {(00:36)} 12. a4 {(04:33)} Ba6 {(01:
24)} 13. Qf3 {(04:11)} Nd7 {(03:25)} 14. Nxd7 {(05:03)}
Qxd7 {(00:31)} 15. Qg3 {(00:17)} cxd4 {(02:50)} 16. exd4 {
(02:56)} Qd8 {(11:04)} 17. Bh6 {(03:07)} Bf6 {(00:
18)} 18. Re3 {(15:21)} Kh8 {(02:13)} 19. Bf4 {(01:05)} Bh4
{(02:46)} 20. Qg4 {(01:30)} g5 {(12:07)} 21. Rh3 {(
03:00)} gxf4 {(05:51)} 22. Rxh4 {(04:12)} Qf6 {(04:45)}
23. Qxf4 {(12:09)} Qxf4 {(00:23)} 24. Rxf4 {(00:06)} Bd3 {
(03:34)} 25. Nf3 {(00:59)} f6 {(05:51)} 26. Re1 {(
00:50)} Rce8 {(00:30)} 27. Re3 {(02:05)} Bc2 {(02:38)} 28.
a5 {(02:48)} Kg7 {(01:18)} 29. Kf1 {(00:59)} Rf7 {(
04:22)} 30. Ne1 {(01:43)} Be4 {(02:23)} 31. Rg3+ {(00:34)}
Kf8 {(01:47)} 32. Rfg4 {(00:49)} Ke7 {(01:02)} 33. Rg7 {
(01:36)} Bg6 {(02:25)} 34. Rxf7+ {(00:27)} Kxf7 {(
00:01)} 35. Nd3 {(00:35)} Rc8 {(00:50)} 36. Nc1 {(04:03)}
b5 {(02:21)} 37. Nb3 {(01:55)} Rc4 {(01:51)} 38. Nd2 {
(03:01)} Ra4 {(00:38)} 39. b4 {(00:49)} e5 {(01:24]
} 40. Nf3 {(00:00)} Bd3+ {(00:00)} 41. Ke1 {(03:25)} e4 {
(02:02)} 42. Nh4 {(03:26)} Ra1+ {(06:21)} 43. Kd2 {
(00:33)} Ra2+ {(00:15)} 44. Ke3 {(00:44)} Re2+ {(
00:27)} 45. Kf4 {(00:39)} Rxf2+ {(00:17)} 46. Kg4 {(00:21]
} Be2+ {(07:33)} 47. Kh3 {(01:37)} f5 {(00:38)} 48. Rg5 {
(01:34)} Bg4+ {(07:46)} 49. Kg3 {(00:34)} Rf1 {(00:
57)} 50. h3 {(00:20)} h6 {(01:33)} 51. hxg4 {(02:36)} f4+
{(00:48)} 52. Kh2 {(00:27)} hxg5 {(00:06)} 53. Nf5 {
(01:41)} e3 {(00:20)} 54. Nd6+ {(02:52)} Ke6 {(00:
41)} 55. Nxb5 {(00:45)} e2 0-1

[Event "42nd Olympiad Baku 2016 Open"]
[Site "Baku"]
[Date "2016.09.05"]
[Round "4.23"]
[White "Mooney, Graham"]
[Black "Sosa Trani, Luis"]
[Result "0-1"]
[ECO "B34"]
[WhiteElo "1840"]
[BlackElo "2051"]
[Annotator ""]
[PlyCount "102"]
[EventDate "2016.??.??"]
[EventCountry "AZE"]
[SourceTitle "playchess.com"]
[Source "ChessBase"]
[WhiteTeam "Channel Islands"]
[BlackTeam "Puerto Rico"]
[WhiteTeamCountry "JCI"]
[BlackTeamCountry "PUR"]
[TimeControl "40/5400+30:1800+30"]

1. e4 {(00:00)} c5 {(00:00)} 2. Nf3 {(00:00)} g6 {(
00:09)} 3. d4 {(01:03)} cxd4 {(00:02)} 4. Nxd4 {(00:08)}
Nc6 {(00:05)} 5. Nc3 {(01:26)} Bg7 {(00:02)} 6. Be3 {
(00:11)} Nf6 {(00:04)} 7. Nxc6 {(01:46)} bxc6 {(00:
31)} 8. e5 {(00:09)} Ng8 {(00:41)} 9. f4 {(00:45)} Nh6 {
(05:20)} 10. Be2 {(02:50)} O-O {(02:42)} 11. O-O {(
00:24)} d6 {(02:54)} 12. exd6 {(01:52)} exd6 {(01:58)} 13.
Bd4 {(01:12)} Bxd4+ {(10:19)} 14. Qxd4 {(00:16)} Nf5 {
(00:28)} 15. Qf2 {(00:24)} Qb6 {(05:51)} 16. Qxb6 {
(08:59)} axb6 {(00:05)} 17. Bd3 {(00:39)} d5 {(20:
57)} 18. Rfe1 {(05:37)} Be6 {(03:34)} 19. a3 {(01:44)}
Rfd8 {(01:54)} 20. Bxf5 {(19:40)} Bxf5 {(00:31)} 21. Rac1
{(00:09)} Kf8 {(01:36)} 22. Kf2 {(03:46)} Re8 {(04:
48)} 23. Rxe8+ {(03:07)} Kxe8 {(00:26)} 24. g3 {(04:03)}
Kd7 {(00:52)} 25. Ke3 {(04:47)} Kd6 {(02:10)} 26. Kd2 {
(00:34)} h5 {(01:11)} 27. Re1 {(01:11)} h4 {(00:44]
} 28. Ne2 {(03:13)} Rh8 {(00:53)} 29. Nd4 {(06:56)} Bd7 {
(00:09)} 30. Ne2 {(00:35)} hxg3 {(01:12)} 31. hxg3 {
(04:53)} Rh2 {(00:00)} 32. Ke3 {(00:59)} c5 {(01:
37)} 33. Kf3 {(03:29)} d4 {(03:16)} 34. g4 {(01:21)} Rh3+
{(00:08)} 35. Kg2 {(05:38)} Re3 36. g5 {(06:19)} Bf5 {
(03:53)} 37. Kf2 {(01:29)} Bxc2 {(00:35)} 38. Ng3 {
(00:28)} Rb3 {(11:06)} 39. Re2 {(00:42)} Bd3 {(05:
22)} 40. Rd2 {(00:00)} Kd5 {(00:00)} 41. a4 {(06:38)} Ba6
{(02:34)} 42. f5 {(00:55)} Re3 {(09:10)} 43. Rc2 {(
02:50)} gxf5 {(02:26)} 44. Nxf5 {(00:26)} Bd3 {(00:07)}
45. Rxc5+ {(03:11)} Kxc5 {(01:08)} 46. Nxe3 {(00:05)}
dxe3+ {(00:03)} 47. Kxe3 {(00:04)} Bc2 {(00:17)} 48. a5 {
(00:20)} bxa5 {(00:17)} 49. Kd2 {(00:51)} Bb3 {(00:
09)} 50. Kc3 {(00:22)} a4 {(00:01)} 51. Kd3 {(00:15)} Kd5
{(00:01] Kd4+ Ke5+} 0-1

[Event "42nd Olympiad Baku 2016 Open"]
[Site "Baku"]
[Date "2016.09.05"]
[Round "4.20"]
[White "Moroni, Luca Jr"]
[Black "Wei, Yi"]
[Result "1/2-1/2"]
[ECO "D45"]
[WhiteElo "2459"]
[BlackElo "2717"]
[Annotator ""]
[PlyCount "82"]
[EventDate "2016.??.??"]
[EventCountry "AZE"]
[SourceTitle "playchess.com"]
[Source "ChessBase"]
[WhiteTeam "Italy"]
[BlackTeam "China"]
[WhiteTeamCountry "ITA"]
[BlackTeamCountry "CHN"]
[TimeControl "40/5400+30:1800+30"]

1. d4 {(00:00)} Nf6 {(00:00)} 2. c4 {(00:00)} e6 {(
00:00)} 3. Nf3 {(00:01)} d5 {(00:19)} 4. Nc3 {(00:14)} c6
{(00:13)} 5. e3 {(00:34)} Nbd7 {(00:11)} 6. Qc2 {(
00:51)} Bd6 {(00:45)} 7. b3 {(00:45)} O-O {(00:36)} 8. Be2
{(00:15)} b6 {(00:56)} 9. O-O {(00:15)} Bb7 {(00:
13)} 10. Bb2 {(00:21)} Qe7 {(00:47)} 11. Rad1 {(00:23)}
Rad8 {(01:11)} 12. Rfe1 {(01:23)} Rfe8 {(00:44)} 13. Bf1 {
(00:38)} e5 {(03:46)} 14. dxe5 {(01:28)} Nxe5 {(00:
32)} 15. Nxe5 {(03:04)} Bxe5 {(00:39)} 16. h3 {(03:38)}
dxc4 {(15:21)} 17. Bxc4 {(02:42)} a6 {(10:11)} 18. Rxd8 {
(23:58)} Rxd8 {(01:27)} 19. Rd1 {(01:07)} Re8 {(09:
18)} 20. Be2 {(13:23)} c5 {(03:04)} 21. Bc4 {(09:13)} b5 {
(23:04)} 22. Nd5 {(05:33)} Bxd5 {(00:18)} 23. Bxd5 {
(00:38)} Nxd5 {(00:11)} 24. Rxd5 {(00:22)} Bxb2 {(
00:04)} 25. Qxb2 {(00:07)} Rc8 {(01:29)} 26. Qa3 {(06:58)}
Rc6 {(01:47)} 27. Qa5 {(02:43)} h6 {(03:58)} 28. a4 {
(04:10)} b4 {(14:01)} 29. Qd8+ {(03:41)} Qxd8 {(00:
05)} 30. Rxd8+ {(00:02)} Kh7 {(00:01)} 31. a5 {(08:34)} c4
{(01:42)} 32. bxc4 {(00:13)} Rxc4 {(00:08)} 33. Rb8 {
(01:22)} Rc5 {(00:41)} 34. Rxb4 {(00:13)} Rxa5 {(
00:04)} 35. h4 {(01:30)} Rb5 {(01:11)} 36. Rc4 {(01:24)}
Rb7 {(04:58)} 37. Rc5 {(00:44)} g6 {(00:34)} 38. Ra5 {
(01:00)} Rb6 {(00:04)} 39. g4 {(01:12)} Kg7 {(00:
50)} 40. Kg2 {(00:00)} Kf6 {(00:00)} 41. f4 {(03:06)} Kg7
{(00:42)} 1/2-1/2